 Dungeon Crawl Stone Soup version 0.19.5 (webtiles) character file.

67 theclashman2 the Bolt Thrower (level 4, 0/30 HPs)
             Began as a High Elf Hunter on May 25, 2017.
             Slain by Crazy Yiuf
             ... wielding a +3 quarterstaff of chaos
              (2 damage)
             ... on level 2 of the Dungeon.
             The game lasted 00:07:59 (1571 turns).

theclashman2 the Bolt Thrower (High Elf Hunter)     Turns: 1571, Time: 00:08:00

Health: 0/30       AC:  7    Str: 12    XL:     4   Next: 0%
Magic:  5/5        EV: 11    Int: 14    God:
Gold:   226        SH:  0    Dex: 16    Spells: 0 memorised, 3 levels left

rFire  . . .     SeeInvis .     g - +0 rapier
rCold  . . .     Gourm    .     n - +0 ring mail
rNeg   . . .     Faith    .     (no shield)
rPois  +         Spirit   .     (no helmet)
rElec  .         Reflect  .     o - +0 cloak {rPois}
rCorr  .         Harm     .     (no gloves)
MR     .....                    (no boots)
Stlth  +.........               (no amulet)
                                (no ring)
                                r - +1 ring of protection

@: no status effects
A: no striking features
a: no special abilities


You were on level 2 of the Dungeon.
You were not hungry.

You visited 1 branch of the dungeon, and saw 2 of its levels.

You collected 226 gold pieces.

Inventory:

Hand Weapons
 a - a +1 hand crossbow
 g - a +0 rapier (weapon)
Missiles
 d - 16 bolts
Armour
 n - a +0 ring mail (worn)
 o - a +0 cloak of poison resistance (worn)
Jewellery
 h - a +3 ring of evasion {unknown}
 r - a +1 ring of protection (left hand)
Scrolls
 e - a scroll of teleportation {unknown}
 l - a scroll of fear {unknown}
 p - a scroll of enchant weapon {unknown}
 q - 4 scrolls of identify {unknown}
 s - a scroll of immolation {unknown}
 t - 2 scrolls of recharging {unknown}
Potions
 c - a potion of haste {unknown}
 j - a potion of lignification {unknown}
 m - a potion of berserk rage {unknown}
Comestibles
 b - 2 chunks of flesh
 f - 2 bread rations
 i - 4 meat rations
 k - a beef jerky


   Skills:
 + Level 2.6 Fighting
 + Level 0.8 Short Blades
 + Level 4.9 Crossbows
 + Level 0.5 Armour
 + Level 2.4 Dodging
 + Level 1.2 Stealth


You had 3 spell levels left.
You didn't know any spells.

Dungeon Overview and Level Annotations

Branches:
Dungeon (2/15)

Altars:

Annotations:
D:2 Crazy Yiuf


Message History

You closely miss Crazy Yiuf.
Crazy Yiuf is moderately wounded.
Crazy Yiuf barely misses you.
You hit Crazy Yiuf.
Crazy Yiuf is moderately wounded.
Crazy Yiuf hits you with a quarterstaff of chaos!
Crazy Yiuf draws strength from your wounds!
You barely miss Crazy Yiuf.
Crazy Yiuf is moderately wounded.
Crazy Yiuf hits you with a quarterstaff of chaos!
* * * LOW HITPOINT WARNING * * *
You are too injured to fight recklessly!
You are too injured to fight recklessly!
You are too injured to fight recklessly!
You hit Crazy Yiuf.
Crazy Yiuf is moderately wounded.
Crazy Yiuf hits you with a quarterstaff of chaos!
* * * LOW HITPOINT WARNING * * *
Crazy Yiuf freezes you.
You die...

#.# #.#####.#
#.....### # #.# #÷#
#.# #####...# # #.#
#.# #.# #>#.# #
##.####.# ### ###.##
####.......# #..#
....<......# ##.#
####..###### #####
♣♣###.# ####..#
#)..#♣♣ ♣♣..#..#
...#..#
#.g@'.♣♣♣♣).....#
##.#..######
#...#♣..♣......##
#.#.......#
#####♣♣♣.♣...###
##.#.####### ♣♣♣♣♣##
#....# ### ....[#
##.#### ### #...##
##.###.###########.#
##.#####.##
##............#
#......##
##.###########


You could see Crazy Yiuf.

Vanquished Creatures
  2 adders (D:2)
  An ooze (D:1)
  3 dart slugs (D:1)
  A leopard gecko (D:1)
  2 ball pythons
  4 bats
  2 goblins
  5 hobgoblins
  4 frilled lizards
  11 kobolds
  5 rats
  A fungus (D:1)
41 creatures vanquished.

Notes
Turn   | Place    | Note
-------+----------+-------------------------------------------
     0 | D:1      | theclashman2 the High Elf Hunter began the quest for the Orb.
     0 | D:1      | Reached XP level 1. HP: 14/14 MP: 2/2
    89 | D:1      | Reached XP level 2. HP: 19/19 MP: 3/3
   351 | D:1      | Reached XP level 3. HP: 17/24 MP: 4/4
  1468 | D:2      | Reached XP level 4. HP: 28/30 MP: 5/5
  1559 | D:2      | Found a runed door.
  1563 | D:2      | Noticed Crazy Yiuf
  1571 | D:2      | Slain by Crazy Yiuf

Action                   |  1- 3 |  4- 6 || total
-------------------------+-------+-------++-------
Melee: Short sword       |    66 |       ||    66
       Hand crossbow     |     9 |       ||     9
       Rapier            |    59 |     6 ||    65
 Fire: Hand crossbow     |    30 |       ||    30
  Eat: Chunk             |     2 |       ||     2
Armor: Leather armour    |    10 |       ||    10
       Ring mail         |    25 |       ||    25
Dodge: Dodged            |    92 |     2 ||    94
